 Dungeon Crawl Stone Soup version 0.24-a0-235-g3f03afc (webtiles) character file.

Game seed: 13822814212326901530

0 Azzok the Insei (level 1, -1/13 HPs)
             Began as an Octopode Transmuter on Apr 7, 2019.
             Slain by a leopard gecko (2 damage)
             ... on level 1 of the Dungeon.
             The game lasted 00:00:28 (47 turns).

Azzok the Insei (Octopode Transmuter)                 Turns: 47, Time: 00:00:29

Health: -1/13      AC:  1    Str:  9    XL:     1   Next: 10%
Magic:  2/3        EV: 13    Int: 15    God:
Gold:   0          SH:  0    Dex: 12    Spells: 3/4 levels left

rFire    . . .     SeeInvis .     - Unarmed
rCold    . . .     Gourm    .   (no shield)
rNeg     . . .     Faith    .   (helmet restricted)
rPois    .         Spirit   .   (no amulet)
rElec    .         Reflect  .   (no ring)
rCorr    .         Harm     .   (no ring)
MR       .....                  (no ring)
Stlth    ++........             (no ring)
HPRegen  0.04/turn              (no ring)
MPRegen  0.08/turn              (no ring)
                                (no ring)
                                (no ring)

@: appendage
A: almost no armour, stealthy swim, amphibious, 8 rings, constrict 8, tentacle
spike 3, camouflage 1, gelatinous body 1
a: End Transformation


You were on level 1 of the Dungeon.
You were not hungry.
One of your tentacles had a temporary spike.
You visited 1 branch of the dungeon, and saw 1 of its levels.

Inventory:

Missiles
 a - 34 arrows
Comestibles
 c - a ration


   Skills:
 - Level 1.0 Fighting
 - Level 2.0 Dodging
 - Level 3.0 Unarmed Combat
 - Level 2.0 Spellcasting
 + Level 2.0 Transmutations


You had 3 spell levels left.
You knew the following spells:

 Your Spells              Type           Power        Failure   Level  Hunger
a - Beastly Appendage     Tmut           #.....       10%         1    #......

Your spell library contained the following spells:

 Spells                   Type           Power        Failure   Level  Hunger
 Sticks to Snakes         Tmut           #.......     14%         2    ###....
 Spider Form              Tmut/Pois      #.........   41%         3    ###....
 Ice Form                 Ice/Tmut       #.......     82%         4    #####..
 Blade Hands              Tmut           #.........   95%         5    ######.


Dungeon Overview and Level Annotations

Branches:
Dungeon (1/15)

Altars:


Innate Abilities, Weirdness & Mutations

You cannot wear most types of armour.
You are very stealthy in the water. (Stealth+)
You are amphibious.
You can wear up to eight rings at the same time.
You can use your tentacles to constrict eight enemies at once.
Your skin changes colour to match your surroundings (Stealth+).
Your rubbery body absorbs attacks. (AC +1, EV +1)
One of your tentacles bears a large vicious spike.


Message History

A bat comes into view.
The leopard gecko closely misses you.
A goblin comes into view. It is wielding a +0 dagger.
The bat moves out of view.
The leopard gecko closely misses you.
You see here 4 gold pieces.
The leopard gecko bites you.
* * * LOW HITPOINT WARNING * * *
Casting: Beastly Appendage (safe; 10% risk of failure)
Confirm with . or Enter, or press ? or * to list all spells.
One of your tentacles grows a vicious spike.
The leopard gecko closely misses you.
Unknown command.
You closely miss the leopard gecko. You grab the leopard gecko.
You constrict the leopard gecko. The leopard gecko bites you.
* * * LOW HITPOINT WARNING * * *
You barely miss the leopard gecko.
The leopard gecko is moderately wounded.
You constrict the leopard gecko. The leopard gecko bites you.
You die...

▒▒ ▒▒ ▒▒·▒ ▒▒·▒▒▒▒ ▒
····▒▒·····▒ ··▒
▒·····▒···▒····▒
·····▒·▒@·······
▒·gl▒······· ▒···
▒▒▒▒·▒▒▒▒▒▒▒·· ····
▒▒·······▒▒ ·▒ ·····
▒▒·········▒▒ ·▒ ▒ ▒····
▒▒··g·······(▒▒ ·▒·▒ ▒ ····
▒·············▒ ·▒·▒ ▒··
··▒▒·$···········▒▒···▒
··r··▒·▒·············▒·▒··▒▒


You could see a leopard gecko and 2 goblins.

Vanquished Creatures
  A bat (D:1)
1 creature vanquished.

Notes
Turn   | Place    | Note
-------+----------+-------------------------------------------
     0 | D:1      | Azzok the Octopode Transmuter began the quest for the Orb.
     0 | D:1      | Reached XP level 1. HP: 13/13 MP: 3/3
    47 | D:1      | Slain by a leopard gecko

Levels and vault maps discovered:
D:1:      psy_arrival_dodecagon, layout_rooms

Action                   || total
-------------------------++-------
Melee: Unarmed           ||     6
       Constrict         ||     1
 Cast: Beastly Appendage ||     1
 Stab: Sleeping          ||     1
Dodge: Dodged            ||     5

Table legend:
 A = Non-vault XP
 B = Vault XP
 C = Vault XP percentage of total XP
 D = Non-vault monster count
 E = Vault monster count
 F = Vault count percentage of total count
                 A         B        C        D         E       F
            +---------+---------+-------+---------+---------+-------
      Total |       1 |       0 |   0.0 |       1 |       0 |   0.0
            +---------+---------+-------+---------+---------+-------
        D:1 |       1 |       0 |   0.0 |       1 |       0 |   0.0
            +---------+---------+-------+---------+---------+-------
